 Dungeon Crawl Stone Soup version 0.31.0-9-g3a7656b989 (webtiles) character file.

Game seed: 2028215130625543166

50 qw the Shooter (level 3, -1/18 HPs)
             Began as a Spriggan Hunter on Feb 2, 2024.
             Slain by a gnoll
             ... wielding a +2 flail of pain
              (9 damage)
             ... on level 2 of the Dungeon.
             The game lasted 00:00:02 (916 turns).

qw the Shooter (Spriggan Hunter)                     Turns: 916, Time: 00:00:02

Health: -1/18      AC:  2    Str:  7    XL:     3   Next: 55%
Magic:  4/4        EV: 19    Int: 10    God:
Gold:   17         SH:  0    Dex: 20    Spells: 2/2 levels left

rFire   . . .        a - +0 shortbow
rCold   . . .        (shield currently unavailable)
rNeg    + . .        f - +0 robe {rN+}
rPois   .            (helmet restricted)
rElec   .            (no cloak)
rCorr   .            (gloves unavailable)
SInv    +            (boots unavailable)
Will    .....        (no amulet)
Stlth   ++           (no ring)
HPRegen 0.23/turn    (no ring)
MPRegen 0.09/turn

%: no passive effects
@: very quick
A: very small, no large weapons, unfitting armour, see invisible, speed 3
a: no special abilities


You were on level 2 of the Dungeon.
You visited 1 branch of the dungeon, and saw 2 of its levels.

You collected 17 gold pieces.


Innate Abilities, Weirdness & Mutations

You are very small and have problems with some larger weapons.
You are too small for most types of armour.
You have supernaturally acute eyesight. (SInv)
You cover ground extremely quickly. (Speed+++)


   Skills:
 - Level 1.5 Fighting
 + Level 4.8 Ranged Weapons
 - Level 4.0 Dodging
 - Level 1.5 Stealth


You had 2 spell levels left.
You didn't know any spells.
Your spell library was empty.

Inventory:

Hand Weapons
 a - a +0 shortbow (weapon)
Armour
 f - a +0 robe of positive energy (worn)
Scrolls
 d - 2 scrolls of identify
Potions
 e - a potion of curing

Dungeon Overview and Level Annotations

Branches:
Dungeon (2/15)

Altars:

Shops:
D:2 :


Message History

The gnoll is severely wounded.
You hear a shout!
A quokka comes into view.
You hear a shout!
You shoot an arrow. The arrow hits the gnoll.
You kill the gnoll!
You shoot an arrow.
The arrow hits the gnoll but does no damage.
A bat comes into view.
A goblin comes into view. It is wielding a +0 club.
A gnoll comes into view. It is wielding a +2 flail of pain.
The bat moves out of view.
You shoot an arrow. The arrow barely misses the gnoll.
The gnoll misses you.
You shoot an arrow. The arrow closely misses the gnoll.
The gnoll completely misses you.
You shoot an arrow. The arrow hits the gnoll!
The gnoll is severely wounded.
The gnoll closely misses you.
The gnoll hits you from afar with a +0 halberd!
You shoot an arrow. The arrow barely misses the gnoll.
The gnoll closely misses you.
You shoot an arrow. The arrow hits the gnoll.
You kill the gnoll!
You shoot an arrow. The arrow barely misses the quokka.
The quokka misses you.
You shoot an arrow. The arrow closely misses the quokka.
The quokka misses you. x2
You shoot an arrow. The arrow hits the quokka!
You kill the quokka!
You shoot an arrow. The arrow barely misses the gnoll.
The gnoll completely misses you.
You shoot an arrow.
The arrow hits the gnoll but does no damage.
The gnoll hits you with a +2 flail of pain.
You shoot an arrow. The arrow closely misses the gnoll.
The gnoll completely misses you.
The gnoll hits you with a +2 flail of pain!
Ouch! That really hurt!
You die...

..~~~~~~...### .
...~~~~P.....########..
..~P~~.........#.....
..~P~~...###...#....
...~~~~........#..#
....~~P.###....#..#
...~~~P...........#
..~~~~%........#.##
.~~~~~%....###..@#
.~P~~~P....#
###.ggg....
.~~~~~~.......
#!###....
~.~~~~~~...... #.. ..
~~~~~~~.)......###
~~~~~~.........
~~~~~~..#..... ~~~~~P~
~~~~P~~


You could see 2 gnolls and a goblin.

Vanquished Creatures
  An adder (D:2)
  2 gnolls (D:2)
  A ribbon worm (D:2)
  An endoplasm (D:1)
  A giant cockroach (D:2)
  A goblin (D:1)
  A hobgoblin (D:1)
  3 jackals (D:2)
  A quokka (D:2)
  2 ball pythons (D:1)
  3 bats (D:2)
  A rat (D:1)
18 creatures vanquished.

Notes
Turn   | Place    | Note
-------+----------+-------------------------------------------
     0 | D:1      | qw the Spriggan Hunter began the quest for the Orb.
     0 | D:1      | Reached XP level 1. HP: 10/10 MP: 2/2
     0 | D:1      | 0 ||| qw: Version: 0.3-a-155-g5e7d8dd
     0 | D:1      | 0 ||| qw: Game counter: 1010
     0 | D:1      | 0 ||| qw: Melee chars always use a shield: true
     0 | D:1      | 0 ||| qw: God list: Okawaru
     0 | D:1      | 0 ||| qw: Allow faded altars: false
     0 | D:1      | 0 ||| qw: Do Orc after clearing Dungeon:15 true
     0 | D:1      | 0 ||| qw: Do second Lair branch before Depths: true
     0 | D:1      | 0 ||| qw: Lair rune preference: random
     0 | D:1      | 0 ||| qw: Goals: Normal
     0 | D:1      | 0 ||| PLANNING D:1-11
   103 | D:1      | Reached skill level 3 in Dodging
   680 | D:1      | 680 ||| UPGRADING to +0 robe of positive energy.
   690 | D:1      | 690 ||| DROPPING +0 robe.
   691 | D:1      | 691 ||| READING 3 scrolls labelled SEPTUH CIHOKHA.
   691 | D:1      | 691 ||| IDENTIFYING fuming cyan potion
   692 | D:1      | 692 ||| READING 2 scrolls of identify.
   692 | D:1      | 692 ||| IDENTIFYING scroll labelled YXOORU WOEHUPA
   693 | D:1      | 693 ||| DROPPING scroll of butterflies.
   694 | D:1      | 694 ||| DROPPING scroll of noise.
   754 | D:2      | HP: 2/10 [ribbon worm (8)]
   756 | D:2      | Reached XP level 2. HP: 4/14 MP: 3/3
   829 | D:2      | Found Alujiek's Book Shoppe.
   886 | D:2      | Reached XP level 3. HP: 18/18 MP: 4/4
   916 | D:2      | Slain by a gnoll

Levels and vault maps discovered:
D:1:      tarquinn_simple_flora_water_a, layout_basic, chequers_mini_garden,
          minmay_misc_feat_tiny, hangedman_decor_riveting
D:2:      layout_basic, serial_shops, nicolae_shop_gibbet_a_chance,
          minmay_misc_feat_cross, chequers_big_river, cheibrodos_gnoll_hut

Skill      XL: |  1  2 |
---------------+-------+-----
Dodging        | 3 4 |  4.0
Fighting       | |  1.5
Ranged Weapons | |  4.8
Stealth        | |  1.5

Action                     || total
---------------------------++-------
   Fire: Shortbow          ||    58
    Use: Scroll            ||     2
 Armour: Robe              ||     8
  Dodge: Dodged            ||    34

Table legend:
 A = Non-vault XP
 B = Vault XP
 C = Vault XP percentage of total XP
 D = Non-vault monster count
 E = Vault monster count
 F = Vault count percentage of total count
                 A         B        C        D         E       F
            +---------+---------+-------+---------+---------+-------
      Total |      72 |       0 |   0.0 |      18 |       0 |   0.0
            +---------+---------+-------+---------+---------+-------
        D:1 |      10 |       0 |   0.0 |       6 |       0 |   0.0
        D:2 |      62 |       0 |   0.0 |      12 |       0 |   0.0
            +---------+---------+-------+---------+---------+-------
